 Dungeon Crawl Stone Soup version 0.20-a0-1034-gb277f92 (webtiles) character file.

39 Duffy the Chopper (level 3, -1/33 HPs)
             Began as a Deep Dwarf Chaos Knight on Apr 21, 2017.
             Slain by a kobold (2 damage)
             ... on level 1 of the Dungeon.
             The game lasted 00:00:55 (540 turns).

Duffy the Chopper (Deep Dwarf Chaos Knight)          Turns: 540, Time: 00:00:56

Health: -1/33      AC:  5    Str: 16    XL:     3   Next: 28%
Magic:  3/3        EV: 11    Int: 12    God:    Xom [..*...]
Gold:   24         SH:  0    Dex: 12    Spells: 2/2 levels left

rFire    . . .     SeeInvis .   a - +0 hand axe (chaos)
rCold    . . .     Gourm    .   (no shield)
rNeg     . . .     Faith    .   b - +2 leather armour
rPois    .         Spirit   .   (no helmet)
rElec    .         Reflect  .   (no cloak)
rCorr    .         Harm     .   (no gloves)
MR       .....                  (no boots)
Stlth    +.........             (no amulet)
Regen    0.0/turn               (no ring)
MPRegen  0.1/turn               (no ring)

@: non-regenerating
A: damage resistance, heal wounds, sense surroundings 1, no regeneration
a: Heal Wounds, Renounce Religion


You were on level 1 of the Dungeon.
You worshipped Xom.
You were a toy of Xom.
You were not hungry.

You visited 1 branch of the dungeon, and saw 1 of its levels.

You collected 24 gold pieces.

Inventory:

Hand Weapons
 a - a +0 hand axe of chaos (weapon)
Armour
 b - a +2 leather armour (worn)
Scrolls
 h - a scroll of fear {unknown}
Potions
 e - a potion of agility {unknown}
 f - a potion of flight {unknown}
 i - a potion of curing {unknown}
 j - 2 potions of brilliance {unknown}
Comestibles
 c - a bread ration
 d - a royal jelly


   Skills:
 - Level 2.6 Fighting
 + Level 4.8 Axes
 - Level 2.1 Armour
 - Level 1.1 Dodging


You had 2 spell levels left.
You didn't know any spells.

Dungeon Overview and Level Annotations

Branches:
Dungeon (1/15)

Altars:


Innate Abilities, Weirdness & Mutations

You are resistant to damage.
You can heal yourself by infusing magical energy.
You passively map a small area around you.
You do not regenerate.


Message History

You miss something. Something hits you.
You are too injured to fight recklessly!
You are too injured to fight recklessly!
You hit something. Something hits you.
You closely miss something. You completely miss the kobold. Something hits you!
The kobold closely misses you.
You slash something! You freeze something.
Reactivating autopickup.
You feel a bit more experienced.
You hit the kobold. The kobold hits you but does no damage.
The kobold closely misses you.
You see here a dart slug corpse.
You are too injured to fight recklessly!
You are too injured to fight recklessly!
You are too injured to fight recklessly!
You are too injured to fight recklessly!
You closely miss the kobold.
The kobold is severely wounded.
The kobold hits you.
You die...

............... , * **
#######..##.###
#......... #. *
#.8.....8.* ..
#......... , #.#
#......... , ...#
##......).. , * *...
#.....>.... *,#.##
#.K@....... , *
,#..#########%%8.....8.,
, * *
*#.................... *
#.######.#####....### ,
#..# #..., ...##
####..######### ##### **
* .................. ,
.....#.#########.#* ** *
, ######..########.###*


You could see a kobold.

Vanquished Creatures
  A gnoll (D:1)
  4 bats (D:1)
  A giant cockroach (D:1)
  3 goblins (D:1)
  4 hobgoblins (D:1)
  2 jackals (D:1)
  4 kobolds (D:1)
  A ball python (D:1)
  3 frilled lizards (D:1)
  5 rats (D:1)
28 creatures vanquished.

Notes
Turn   | Place    | Note
-------+----------+-------------------------------------------
     0 | D:1      | Duffy the Deep Dwarf Chaos Knight began the quest for the Orb.
     0 | D:1      | Reached XP level 1. HP: 20/20 MP: 1/1
    69 | D:1      | XOM: harmless Tloc miscast
    89 | D:1      | Reached XP level 2. HP: 27/27 MP: 2/2
   101 | D:1      | Reached skill level 4 in Axes
   236 | D:1      | XOM: 5-stop teleportation journey
   478 | D:1      | XOM: 2-stop teleportation journey
   498 | D:1      | XOM: mild Tmut miscast
   524 | D:1      | Reached XP level 3. HP: 24/33 MP: 3/3
   536 | D:1      | HP: 1/33 [something (5)]
   540 | D:1      | Slain by a kobold

Vault maps used:
D:1:      eino_arrival_druids_welcome, minivault_11, st_stairs_1,
          minmay_pentomino_u4

Skill      XL: |  1  2 |
---------------+-------+-----
Axes           | 4 |  4.8
Fighting       | |  2.6
Armour         | |  2.1
Dodging        | |  1.1

Action                   || total
-------------------------++-------
Melee: Hand axe          ||    96
Armor: Leather armour    ||    38
Dodge: Dodged            ||    59
